 Dungeon Crawl Stone Soup version 0.30.1-11-g7821555f0a (webtiles) character file.

Game seed: 12359202490716084263

441 FakeRyeBread the Magician (level 7, 0/53 HPs)
             Began as a Djinni Conjurer on Nov 22, 2023.
             Was an Initiate of Ashenzari.
             Slain by an orc
             ... wielding a +1 war axe of electrocution
              (10 damage)
             ... on level 4 of the Dungeon.
             The game lasted 00:09:45 (3051 turns).

FakeRyeBread the Magician (Djinni Conjurer)         Turns: 3051, Time: 00:09:46

Health: 0/53       AC:  2    Str:  6    XL:     7   Next: 22%
Gold:   212        EV: 12    Int: 22    God:    Ashenzari [......] SH:  0 Dex: 11

rFire   + + +        q - staff of fire
rCold   x . .        (no shield)
rNeg    . . .        a - +0 robe
rPois   ∞            (no helmet)
rElec   .            (no cloak)
rCorr   +            (no gloves)
SInv    .            (boots unavailable)
Will    .....        (no amulet)
Stlth   ++           n - ring of resist corrosion
HPRegen 0.28/turn    (no ring)
MPRegen 0.00/turn

%: infuse magic (-1 HP)
@: flying
A: sickness immunity, fire resistance 2, cold vulnerability 1, float, innate
caster, HP casting, extra vitality 1
a: Renounce Religion


You were on level 4 of the Dungeon.
You worshipped Ashenzari.
Ashenzari was noncommittal.
You visited 2 branches of the dungeon, and saw 5 of its levels.

You collected 212 gold pieces.

Inventory:

Hand Weapons
 b - a +1 dagger of holy wrath
Armour
 a - a +0 robe (worn)
Magical Staves
 q - a staff of fire (weapon)
Jewellery
 n - a ring of resist corrosion (left hand)
Wands
 m - a wand of flame (9)
 o - a wand of polymorph (3)
Scrolls
 h - 2 scrolls of teleportation
 j - a scroll of magic mapping
 r - 3 scrolls of poison {unknown}
Potions
 c - 2 potions of flight
 d - 2 potions of lignification {unknown}
 e - 2 potions of attraction {unknown}
 f - a potion of might {unknown}
 i - 3 potions of degeneration
 k - a potion of curing {unknown}
 l - a potion of cancellation {unknown}
 p - a potion of brilliance {unknown}
 s - a potion of haste {unknown}


   Skills:
 + Level 4.7 Fighting
 - Level 2.1 Dodging
 - Level 1.5 Stealth
 + Level 5.0 Spellcasting


You knew the following spells:

 Your Spells              Type           Power      Damage    Failure   Level
a - Magic Dart            Conj           100%       1d8       1%          1
b - Searing Ray           Conj           54%        2d6       1%          2
c - Dazzling Flash        Conj/Hex       54%        N/A       3%          3
d - Fulminant Prism       Conj/Hex       13%        3d9       13%         4
e - Iskenderun's Mystic   Conj/Tloc      27%        2d7       13%         4
f - Apportation           Tloc           54%        N/A       1%          1
g - Momentum Strike       Conj/Tloc      54%        3d9       1%          2
h - Blink                 Tloc           54%        N/A       1%          2
Your spell library was empty.

Dungeon Overview and Level Annotations

Branches:
Dungeon (4/15)             Temple (1/1) D:4

Altars:
Ashenzari
Dithmenos
Fedhas
Makhleb
Okawaru
Qazlal
Wu Jian
Xom
Yredelemnul
The Shining One

Shops:
D:4 =


Innate Abilities, Weirdness & Mutations

You are immune to sickness and miasma.
You are immune to poison.
Your flesh is very heat resistant. (rF++)
You are vulnerable to cold. (rC-)
You float through the air rather than walking.
You learn spells naturally, not from books.
Your magical power is your life essence.
You have superior vitality. (+4 MHP)


Message History

The orc wizard hits you with a +0 short sword.
The searing ray hits the orc priest.
The orc priest is moderately wounded.
You finish channelling your searing ray.
The orc wizard hits you with a +0 short sword.
The orc priest attacks as you move away!
The orc priest closely misses you.
The orc wizard casts a spell.
The orc wizard flickers and vanishes!
Deactivating autopickup; reactivate with Ctrl-A.
The orc priest mumbles some strange prayers to Beogh against you.
Beogh smites you!
Aiming: Searing Ray (safe; 1% risk of failure)
Press: ? - help, Q - select action, (/) - cycle Shift-Dir - straight line, f/p - orc priest
Aim: an orc priest, wielding a +0 club and wearing a +0 chain mail (moderately wounded, 85% to hit)
The searing ray hits the orc priest.
The orc priest is moderately wounded. (Press . to maintain the ray.)
Something hits you.
The orc priest casts a cantrip, but nothing happens.
The searing ray hits the orc priest.
The orc priest is heavily wounded.
Something hits you.
The searing ray hits the orc!
You kill the orc!
The searing ray misses the orc priest.
You hear some strange, mumbled words.
A magic dart appears from out of thin air!
The magic dart hits you.
* * * LOW HITPOINT WARNING * * *
The orc barely misses you.
You feel much better.
You hear some strange, mumbled words.
A magic dart appears from out of thin air!
The magic dart hits you! The orc hits you with a +0 mace.
The orc hits you with a +1 war axe of electrocution!
* * * LOW HITPOINT WARNING * * *
The orc attacks as you move away!
The orc hits you with a +1 war axe of electrocution!
You die...

#.#... .............
#.#... ............ #.#...
#..........## #.#...
...........# #.#...
.......... #... .........
#... ##....# #..#
########{@...##########...
........oo.............#.#
........o.............#..#
....8.......8........#.#.#
....................#.##.#
...8.........8.....#.# #.#
..................#.# #.#
....8†......8....#.# #.#
#...#..#.#..#...#.######.#


You could see an orc priest and 2 orcs.

Vanquished Creatures
  An orc warrior (D:3)
  Pargi (D:3)
  A scorpion (D:4)
  An orc priest (D:3)
  2 orc wizards
  4 adders
  2 worms (D:3)
  A dart slug (D:3)
  6 orcs
  3 ball pythons
  3 bats
  2 endoplasms (D:2)
  A giant cockroach (D:3)
  9 goblins
  5 hobgoblins
  9 jackals
  2 quokkas
  3 frilled lizards (D:2)
  10 kobolds
  3 rats
69 creatures vanquished.

Notes
Turn   | Place    | Note
-------+----------+-------------------------------------------
     0 | D:1      | FakeRyeBread the Djinni Conjurer began the quest for the
                  | Orb.
     0 | D:1      | FakeRyeBread set off with the following spells memorised:
                  | Magic Dart, Searing Ray, Dazzling Flash, Fulminant Prism,
                  | Iskenderun's Mystic Blast.
     0 | D:1      | Reached XP level 1. HP: 15/15 MP: 0/0
    50 | D:1      | Reached skill level 1 in Fighting
    50 | D:1      | Reached XP level 2. HP: 16/22 MP: 0/0
   765 | D:1      | Reached XP level 3. HP: 26/27 MP: 0/0
   765 | D:1      | Learned a level 1 spell: Apportation
  1035 | D:2      | Found a faded altar of an unknown god.
  1671 | D:3      | Reached XP level 4. HP: 30/33 MP: 0/0
  1680 | D:3      | Noticed an orc warrior
  1687 | D:3      | Reached skill level 4 in Spellcasting
  1687 | D:3      | Reached XP level 5. HP: 12/40 MP: 0/0
  1687 | D:3      | Learned a level 2 spell: Momentum Strike
  1693 | D:3      | Killed an orc warrior
  1694 | D:3      | Reached XP level 6. HP: 8/46 MP: 0/0
  1978 | D:3      | Noticed Pargi
  1984 | D:3      | Killed Pargi
  2337 | D:3      | Found a shadowy altar of Dithmenos.
  2557 | D:4      | Found Jaaj's Jewellery Emporium.
  2642 | D:4      | Found a staircase to the Ecumenical Temple.
  2652 | D:4      | Reached XP level 7. HP: 39/53 MP: 0/0
  2652 | D:4      | Learned a level 2 spell: Blink
  2686 | Temple   | Entered the Ecumenical Temple
  2713 | Temple   | Became a worshipper of Ashenzari the Shackled
  2959 | D:4      | Reached skill level 5 in Spellcasting
  3051 | D:4      | Slain by an orc

Illustrated notes

Levels and vault maps discovered:
D:1:      dpeg_arrival_windows_large_door, layout_basic
D:2:      layout_basic, dreamdust_ecumenical_altar_statues,
          nicolae_concentric_dashed_squares_wild,
          wander_ebering_terrifying_dragon_lair
D:3:      layout_loops_cross, mainiacjoe_overflow_catwalk, uniq_pargi
D:4:      wad_pebble_path, layout_basic, minmay_temple_entry_statues,
          serial_shops, nicolae_shop_gaudy_bauble
Temple:   chequers_temple_sunken

Skill      XL: |  1  2  3  4  5  6  7 |
---------------+----------------------+-----
Fighting       | 1 2 3 4 |  4.7
Spellcasting   | 4 5 |  5.0
Dodging        | |  2.1
Stealth        | |  1.5

Action                     |  1- 3 |  4- 6 |  7- 9 || total
---------------------------+-------+-------+-------++-------
  Melee: Dagger            |     1 |       |       ||     1
         Staff             |       |       |     1 ||     1
   Cast: Magic Dart        |    65 |     9 |     6 ||    80
         Searing Ray       |       |    25 |     8 ||    33
         Blink             |       |       |     1 ||     1
  Evoke: Wand              |       |     2 |       ||     2
    Use: Scroll            |     8 |     1 |       ||     9
         Potion            |       |     1 |     1 ||     2
 Armour: Robe              |     1 |     1 |     4 ||     6
  Dodge: Dodged            |     5 |    10 |     9 ||    24
